 Dungeon Crawl Stone Soup version 0.32-a0-986-ga09f62fbf4 (webtiles) character file.

Game seed: 12967000281361145522

4891 BubbleThief the Toxicologist (level 10, -1/83 (85) HPs)
             Began as a Naga Alchemist on Apr 22, 2024.
             Was a Believer of Vehumet.
             Slain by a rakshasa
             ... wielding a +0 whip
              (22 damage)
             ... on level 9 of the Dungeon.
             The game lasted 00:22:48 (6917 turns).

BubbleThief the Toxicologist (Naga Alchemist)       Turns: 6917, Time: 00:22:48

HP:   -1/83 (85)    AC:  5    Str: 12    XL:     10   Next: 51%
MP:   5/18          EV:  8    Int: 25    God:    Vehumet [**....]
Gold: 335           SH:  0    Dex: 11    Spells: 4/20 levels left

rFire   + . .        o - +10 dagger of Dissent {holy, Int+6}
rCold   . . .        (no shield)
rNeg    . . .        w - +0 robe "Sysaezyt" {rPois Regen+}
rPois   +            (no helmet)
rElec   .            (no cloak)
rCorr   .            u - +0 pair of gloves
SInv    +            (no barding)
Will    +....        y - amulet of the acrobat
Stlth   +            a - ring of protection from fire
HPRegen 1.13/turn    c - ring of flight
MPRegen 0.16/turn

%: acrobat
@: confused, ambrosia-drunk, flying, very slightly contaminated, lightly
drained, very slow
A: AC +3, large, see invisible, deformed body, poison resistance, slowness 2,
spit poison 1, naga tail 1
a: Spit Poison, Renounce Religion


You were on level 9 of the Dungeon.
You worshipped Vehumet.
Vehumet was pleased with you.
You visited 2 branches of the dungeon, and saw 10 of its levels.

You collected 335 gold pieces.

Inventory:

Hand Weapons
 o - the +10 dagger of Dissent (weapon) {holy, Int+6}
   (You found it on level 2 of the Dungeon)

   Int+6:     It affects your intelligence (+6).
Armour
 i - a scarf of shadows
 u - a +0 pair of gloves (worn)
 w - the +0 robe "Sysaezyt" (worn) {rPois Regen+}
   (You found it on level 4 of the Dungeon)

   rPois:     It protects you from poison.
   Regen+:    It increases your rate of health regeneration.
Jewellery
 a - a ring of protection from fire (left hand)
 c - a ring of flight (right hand)
 y - an amulet of the acrobat (around neck)
Wands
 e - a wand of warping (12)
 f - a wand of flame (37)
Scrolls
 d - 3 scrolls of poison
 g - a scroll of identify
 h - a scroll of vulnerability {unknown}
 l - a scroll of brand weapon {unknown}
 m - a scroll of enchant weapon {unknown}
 p - 4 scrolls of fear {unknown}
 r - a scroll of blinking
 t - a scroll of butterflies
 x - a scroll of revelation
 B - a scroll of teleportation
 D - a scroll of fog {unknown}
 E - a scroll of silence {unknown}
Potions
 b - 2 potions of magic
 j - 3 potions of curing
 k - 3 potions of mutation
 q - a potion of brilliance
 s - a potion of lignification
 v - a potion of berserk rage
 z - a potion of heal wounds
 A - 2 potions of might
 C - a potion of attraction


   Skills:
 + Level 4.0 Fighting
 - Level 10.0 Short Blades
 - Level 1.5 Dodging
 - Level 3.0 Stealth
 - Level 5.5 Spellcasting
 - Level 3.0 Conjurations
 - Level 3.0 Fire Magic
 - Level 10.0 Alchemy


You had 4 spell levels left.
You knew the following spells:

 Your Spells              Type           Power      Damage    Failure   Level
a - Sting                 Conj/Alch      100%       1d9       1%          1
b - Mephitic Cloud        Conj/Alch/Air  28%        N/A       3%          3
c - Olgreb's Toxic Radia  Alch           55%        N/A       1%          4
d - Sticky Flame          Fire/Alch      39%        2d8       5%          4
e - Ignite Poison         Fire/Alch      39%        N/A       5%          4

Your spell library contained the following spells:

 Spells                   Type           Power      Damage    Failure   Level
 Volatile Blastmotes      Fire/Tloc      28%        2d12      13%         3
 Mercury Vapours          Alch/Air       64%        N/A       1%          2
 Lesser Beckoning         Tloc           12%        N/A       12%         2
 Maxwell's Portable Pile  Tloc           6%         2d(5-15)  24%         3
 Teleport Other           Tloc           6%         N/A       24%         3
 Summon Lightning Spire   Summ/Air       6%         N/A       61%         4
 Arcjolt                  Conj/Air       7%         1d17      75%         5
 Freezing Cloud           Conj/Ice/Air   6%         6-21      82%         5
 Ignition                 Fire           11%        3d5       100%        8
 Maxwell's Capacitive Co  Air            3%         ∞         100%        8


Dungeon Overview and Level Annotations

Branches:
Dungeon (9/15)             Temple (1/1) D:4
   Lair: D:8-11         Orc: D:9-12

Altars:
Ashenzari
Cheibriados
Dithmenos
Elyvilon
Fedhas
Gozag
Hepliaklqana
Kikubaaqudgha
Makhleb
Nemelex Xobeh
Okawaru
Qazlal
Ru
Trog
Uskayaw
Vehumet
Wu Jian
Xom
Zin
The Shining One

Shops:
D:4 [   D:7 =


Innate Abilities, Weirdness & Mutations

Your serpentine skin is tough. (AC +3)
You have supernaturally acute eyesight. (SInv)
Armour fits poorly on your strangely shaped body.
Your system is resistant to poisons. (rPois)
You cover ground very slowly.
You can spit poison.
You have a snake-like lower body.


Message History

* * * LOW HITPOINT WARNING * * *
Unknown command.
You closely miss the rakshasa.
The rakshasa is almost dead.
Unknown command.
Unknown command.
You barely miss the rakshasa.
The rakshasa is almost dead.
The rakshasa blinks!
Unknown command.
You hit the wight.
The wight convulses.
The wight is heavily damaged.
Unknown command.
You barely miss the wight.
The wight is heavily damaged.
The wight barely misses you.
Unknown command.
Casting: Sticky Flame (dangerous; 5% risk of failure)
Confirm with . or Enter, or press ? or * to list all spells.
Aiming: Sticky Flame (dangerous; 5% risk of failure)
Press: ? - help, Shift-Dir - straight line, f - rakshasa
Aim: a rakshasa, wielding a +0 whip and wearing a +0 robe (translocational energy, heavily wounded)
You miscast Sticky Flame.
You are very lightly contaminated with residual magic.
Nothing appears to happen.
The wight hits you from afar with a +0 trident!
* * * LOW HITPOINT WARNING * * *
You feel drained.
* * * LOW HITPOINT WARNING * * *
Unknown command.
You closely miss the rakshasa.
The rakshasa is heavily wounded.
Unknown command.
Aiming: Warp Space
Press: ? - help, Shift-Dir - straight line, f/p - rakshasa
Aim: a rakshasa, wielding a +0 whip and wearing a +0 robe (heavily wounded, chance to blink: 50%)
Okay, then.
You are confused.
You feel invigorated. The rakshasa hits you with a +0 whip!!
You die...

#### ...
#######+#.###
#............
########.........#
#........z....z..#
#.......zzR..zRz.#
#.....z.######R###
#.......# #@#
#.......######.#
#.....>........#
#######........#
#†.......#
#........#
#........#
.........>.....#
........########


You could see 2 rakshasas and 3 wights.

Vanquished Creatures
  Pikel (D:6)
  A troll (D:6)
  A hornet (D:5)
  Sigmund (D:6)
  A wraith (D:6)
  A wyvern (D:9)
  A vampire (D:8)
  2 humans (D:7)
  Menkaure (D:7)
  Duvessa (D:5)
  2 water moccasins (D:7)
  3 sky beasts
  6 orc warriors (D:8)
  An ogre (D:5)
  2 lemures (D:6)
  2 phantoms
  A kobold brigand (D:8)
  2 bullfrogs
  2 scorpions (D:6)
  A gnoll sergeant (D:8)
  A wight (D:9)
  Dowan (D:5)
  7 howler monkeys
  2 bombardier beetles
  2 hounds
  A gnoll bouda (D:6)
  A jelly (D:7)
  7 orc priests
  2 sleepcaps (D:7)
  An iguana (D:6)
  3 orc wizards (D:6)
  10 adders
  9 gnolls
  3 white imps
  2 ufetubi (D:5)
  2 dart slugs
  2 ribbon worms
  38 orcs
  A bat (D:3)
  5 endoplasms
  2 goblins (D:3)
  4 hobgoblins
  10 jackals
  10 kobolds
  5 quokkas
  7 ball pythons
  4 frilled lizards
  4 rats
179 creatures vanquished.

Notes
Turn   | Place    | Note
-------+----------+-------------------------------------------
     0 | D:1      | BubbleThief the Naga Alchemist began the quest for the Orb.
     0 | D:1      | Reached XP level 1. HP: 15/15 MP: 3/3
   358 | D:1      | Reached XP level 2. HP: 22/22 MP: 5/5
   601 | D:1      | Found a faded altar of an unknown god.
  1158 | D:2      | Reached XP level 3. HP: 28/28 MP: 6/6
  1163 | D:2      | Learned a level 3 spell: Mephitic Cloud
  1181 | D:2      | Identified the +10 dagger of Dissent {holy, Int+6}
  1741 | D:3      | Reached XP level 4. HP: 36/36 MP: 7/7
  1952 | D:4      | Reached skill level 5 in Alchemy
  1952 | D:4      | Reached XP level 5. HP: 39/42 MP: 6/9
  1960 | D:4      | Learned a level 4 spell: Olgreb's Toxic Radiance
  2040 | D:4      | HP: 2/42 [orc/+0 club (2)]
  2192 | D:3      | Reached XP level 6. HP: 49/49 MP: 7/10
  2920 | D:4      | Identified the +0 robe "Sysaezyt" {rPois Regen+}
  2975 | D:4      | Found a staircase to the Ecumenical Temple.
  2988 | Temple   | Entered the Ecumenical Temple
  2997 | Temple   | Became a worshipper of Vehumet
  3337 | D:4      | Found Isestriso's Antique Armour Shop.
  3439 | D:5      | Entered Level 5 of the Dungeon
  3834 | D:5      | Noticed a hornet
  3840 | D:5      | Reached XP level 7. HP: 24/55 MP: 3/13
  3840 | D:5      | Killed a hornet
  3917 | D:5      | Learned a level 4 spell: Sticky Flame
  4041 | D:5      | Noticed Duvessa
  4042 | D:5      | Noticed Dowan
  4047 | D:5      | Killed Dowan
  4056 | D:5      | Killed Duvessa
  4057 | D:5      | Reached skill level 1 in Fire Magic
  4057 | D:5      | Reached XP level 8. HP: 49/62 MP: 4/14
  4166 | D:5      | Identified the +4 arbalest of the Burning God {drain, rC+
                  | Int+3}
  4264 | D:6      | Noticed Pikel
  4274 | D:6      | Killed Pikel
  4275 | D:6      | Reached skill level 5 in Spellcasting
  4364 | D:6      | Reached skill level 10 in Alchemy
  4405 | D:6      | Noticed a wraith
  4471 | D:6      | Reached skill level 1 in Short Blades
  4633 | D:7      | Found Mauth's Jewellery Shop.
  4670 | D:7      | Noticed Menkaure
  4675 | D:7      | Killed Menkaure
  4675 | D:7      | Reached * piety under Vehumet
  4675 | D:7      | Offered knowledge of Shock by Vehumet.
  4676 | D:7      | Reached XP level 9. HP: 68/68 MP: 11/17
  4909 | D:7      | Found an opulent altar of Gozag.
  4916 | D:7      | Reached skill level 5 in Short Blades
  4982 | D:7      | Found a burning altar of Makhleb.
  5098 | D:7      | Found an iron altar of Okawaru.
  5345 | D:7      | Found a snail-covered altar of Cheibriados.
  5655 | D:8      | Found a sacrificial altar of Ru.
  5758 | D:8      | Learned a level 4 spell: Ignite Poison
  5891 | D:8      | Reached ** piety under Vehumet
  5891 | D:8      | Offered knowledge of Freeze by Vehumet.
  5898 | D:8      | Reached XP level 10. HP: 58/75 MP: 12/18
  6443 | D:6      | Reached skill level 10 in Short Blades
  6443 | D:6      | Offered knowledge of Volatile Blastmotes by Vehumet.
  6446 | D:6      | Reached skill level 1 in Fighting
  6635 | D:6      | Noticed Sigmund
  6643 | D:6      | Killed Sigmund
  6867 | D:9      | Noticed a rakshasa
  6917 | D:9      | Slain by a rakshasa

Illustrated notes

Levels and vault maps discovered:
D:1:      lightli_arrival_noodles, layout_basic,
          shapermc_ecumenical_altar_flowoftime
D:2:      layout_basic
D:3:      layout_basic
D:4:      layout_loops_cross, temple_pool_b, serial_shops,
          nicolae_shop_back_alley_shop
D:5:      layout_loops_ring, uniq_duvessa
D:6:      layout_basic, chequers_serial_rivers_micro_a, uniq_sigmund, uniq_pikel
D:7:      layout_rooms, lemuel_doored_altar, okawaru_humans,
          mainiacjoe_overflow_catwalk_spiral, serial_shops, shop, uniq_menkaure
D:8:      layout_basic, mainiacjoe_overflow_cross_hatched, special_room
          [special_room_orc]
D:9:      layout_basic, nicolae_overflow_crystal_walls, lair_entry_dummy
Temple:   hellmonk_temple_two_chambers

Skill      XL: |  1  2  3  4  5  6  7  8  9 10 |
---------------+-------------------------------+-----
Alchemy        | 4 5 6 7 8 10 | 10.0
Conjurations   | 2 3 |  3.0
Spellcasting   | 3 4 5 |  5.5
Fire Magic     | 1 3 |  3.0
Short Blades   | 2 9 10 | 10.0
Fighting       | 4 |  4.0
Dodging        | |  1.5
Stealth        | |  3.0

Action                     |  1- 3 |  4- 6 |  7- 9 | 10-12 || total
---------------------------+-------+-------+-------+-------++-------
  Melee: Dagger            |    25 |    35 |    61 |    53 ||   174
   Cast: Sting             |    25 |    41 |    31 |     2 ||    99
         Olgreb's Toxic Ra |       |     3 |    14 |     7 ||    24
         Mephitic Cloud    |       |     1 |     6 |     3 ||    10
         Sticky Flame      |       |       |     7 |     3 ||    10
Ability: Spit Poison       |    25 |    30 |    24 |     5 ||    84
  Evoke: Wand              |       |       |       |     1 ||     1
    Use: Potion            |       |     1 |       |     1 ||     2
         Scroll            |       |       |    13 |     2 ||    15
   Stab: Sleeping          |       |     2 |       |       ||     2
         Confused          |       |       |     3 |     1 ||     4
 Armour: Robe              |     7 |    58 |    42 |    25 ||   132
  Dodge: Dodged            |     5 |    30 |    24 |    17 ||    76

Table legend: (Time is in decaauts)
 A = Elapsed time spent in this place.
 B = Non-inter-level travel time spent in this place.
 C = Inter-level travel time spent in this place.
 D = Time resting spent in this place.
 E = Time spent auto-exploring this place.
 F = Levels seen in this place.
 G = Mean time per level.
                   A        B        C        D        E       F      G
               +--------+--------+--------+--------+--------+-----+--------+
         Total |   8819 |   8471 |    348 |    203 |   6971 |  10 |  881.9 |
       Dungeon |   8794 |   8457 |    337 |    203 |   6971 |   9 |  977.1 |
        Temple |     25 |     14 |     11 |      0 |      0 |   1 |   25.0 |
               +--------+--------+--------+--------+--------+-----+--------+

Top non-repeatable levels by time:
     D:1: 1226 daAuts
     D:8: 1203 daAuts
     D:5: 1128 daAuts
     D:3: 1100 daAuts
     D:4: 1070 daAuts
     D:2: 1054 daAuts
     D:7: 1007 daAuts
     D:6: 931 daAuts
     D:9: 72 daAuts
  Temple: 25 daAuts
